 Dungeon Crawl Stone Soup version 0.24-a0-584-g9d6b971 (webtiles) character file.

Game seed: 5185920982746958583, levelgen mode: deterministic

109 pkoi the Conjurer (level 4, -1/33 HPs)
             Began as a Draconian Conjurer on Sept 5, 2019.
             Slain by a gnoll
             ... wielding a +0 club
              (5 damage)
             ... on level 3 of the Dungeon on Sept 6, 2019.
             The game lasted 00:03:09 (2460 turns).

pkoi the Conjurer (Draconian Conjurer)              Turns: 2460, Time: 00:03:09

Health: -1/33      AC:  5    Str: 10    XL:     4   Next: 59%
Magic:  2/7        EV: 12    Int: 16    God:
Gold:   85         SH:  0    Dex: 12    Spells: 4/7 levels left

rFire    . . .     SeeInvis .   n - +0 whip (venom)
rCold    . . .     Gourm    .   (no shield)
rNeg     . . .     Faith    .   (armour unavailable)
rPois    .         Spirit   .   (helmet restricted)
rElec    .         Reflect  .   (no cloak)
rCorr    .         Harm     .   (no gloves)
MR       .....                  (no boots)
Stlth    ++........             (no amulet)
HPRegen  0.11/turn              (no ring)
MPRegen  0.10/turn              (no ring)

@: no status effects
A: unfitting armour, cold-blooded, AC +5
a: no special abilities


You were on level 3 of the Dungeon.
You were not hungry.

You visited 1 branch of the dungeon, and saw 3 of its levels.

You collected 85 gold pieces.

Inventory:

Hand Weapons
 d - a +0 short sword
 n - a +0 whip of venom (weapon)
Jewellery
 k - an uncursed ring of ice
Wands
 p - a wand of scattershot (4)
Scrolls
 c - a scroll of teleportation {unknown}
 e - 2 scrolls of remove curse {unknown}
 f - a scroll of immolation {unknown}
 g - a scroll of amnesia {unknown}
 h - 3 scrolls of enchant armour {unknown}
 i - 4 scrolls of identify {unknown}
 j - a scroll of blinking {unknown}
 l - a scroll of magic mapping {unknown}
 m - a scroll of fog {unknown}
Potions
 a - 2 potions of curing {unknown}
 o - a potion of might {unknown}
Comestibles
 b - 3 rations
 q - 4 chunks of flesh


   Skills:
 - Level 1.7 Dodging
 - Level 1.7 Stealth
 - Level 2.0 Spellcasting
 + Level 6.1 Conjurations


You had 4 spell levels left.
You knew the following spells:

 Your Spells              Type           Power        Failure   Level  Hunger
a - Magic Dart            Conj           ###.         1%          1    #......
b - Searing Ray           Conj           ###...       2%          2    ###....

Your spell library contained the following spells:

 Spells                   Type           Power        Failure   Level  Hunger
 Iskenderun's Mystic Bla  Conj           ###.....     17%         4    #####..
 Dazzling Spray           Conj/Hex       ##....       19%         3    ###....
 Force Lance              Conj/Tloc      ##......     52%         4    #####..
 Fulminant Prism          Conj/Hex       ##........   52%         4    #####..


Dungeon Overview and Level Annotations

Branches:
Dungeon (3/15)

Altars:
Trog


Innate Abilities, Weirdness & Mutations

Your plain brown scales are hard. (AC +5)
You cannot fit into any form of body armour.
You are cold-blooded and may be slowed by cold attacks.


Message History

You hit the gnoll.
The gnoll looks as sick as possible!
You tail-slap the gnoll.
The gnoll is severely wounded.
You hit the gnoll.
The gnoll is poisoned.
The gnoll is moderately wounded.
You kill the gnoll!
The gnoll hits you but does no damage.
You see here a +0 flail.
The gnoll looks more healthy.
You barely miss the gnoll.
The gnoll is moderately wounded.
The gnoll closely misses you.
You hit the gnoll.
The gnoll is severely wounded.
The gnoll hits you with a +0 club.
* * * LOW HITPOINT WARNING * * *
You closely miss the gnoll.
The gnoll is severely wounded.
The gnoll hits you with a +0 club.
You die...

......†........#
#.####
...............#
#....# #.........).#
####.# ####)......#
#.# #.....)....# #.#
#.##...>.).## #.# #.
#####....# #.#
#....########.#
#..g@##...)...#
##÷#.##.####..######
##.#.##.# #...(...#
#..#.##.# #.####.##
#..#.##.# #.# #.#
#.>'.)..# #.# #.#
#..#.#### #.# #.#
#..#.# #.# #.#
#....# ####.####.#


You could see a gnoll.

Vanquished Creatures
  3 gnolls (D:3)
  2 adders
  2 oozes (D:2)
  A worm (D:2)
  2 dart slugs (D:2)
  2 orcs (D:3)
  5 bats
  3 giant cockroaches
  4 goblins
  6 hobgoblins
  3 jackals (D:2)
  4 kobolds
  2 ball pythons (D:2)
  3 frilled lizards (D:2)
  3 rats
45 creatures vanquished.

Notes
Turn   | Place    | Note
-------+----------+-------------------------------------------
     0 | D:1      | pkoi the Draconian Conjurer began the quest for the Orb.
     0 | D:1      | Reached XP level 1. HP: 14/14 MP: 3/3
   512 | D:1      | Reached XP level 2. HP: 14/20 MP: 5/5
   794 | D:1      | Learned a level 2 spell: Searing Ray
  1378 | D:2      | Reached skill level 5 in Conjurations
  1408 | D:2      | Reached XP level 3. HP: 26/26 MP: 2/6
  1864 | D:2      | Found a bloodstained altar of Trog.
  2259 | D:3      | Reached XP level 4. HP: 30/33 MP: 2/7
  2444 | D:3      | Reached skill level 6 in Conjurations
  2460 | D:3      | Slain by a gnoll

Levels and vault maps discovered:
D:1:      dpeg_arrival_round_c, layout_basic
D:2:      layout_rooms, nicolae_overflow_hidden_temple,
          trog_three_pillars_becter
D:3:      layout_basic, chequers_ecumenical_altar_grove,
          grunt_ashenzari_visionary [grunt_ashenzari_visionary_swamp,
          grunt_ashenzari_visionary_snake]

Skill      XL: |  1  2  3  4 |
---------------+-------------+-----
Conjurations   | 5 6 |  6.1
Dodging        | |  1.7
Stealth        | |  1.7
Spellcasting   | |  2.0

Action                   |  1- 3 |  4- 6 || total
-------------------------+-------+-------++-------
Melee: Short sword       |    18 |       ||    18
       Whip              |     7 |    14 ||    21
       Tailslap          |     2 |     2 ||     4
 Cast: Magic Dart        |    70 |    13 ||    83
       Searing Ray       |       |     1 ||     1
  Eat: Chunk             |     5 |     1 ||     6
Armor: Skin              |    11 |     4 ||    15
Dodge: Dodged            |    25 |     4 ||    29

Table legend:
 A = Non-vault XP
 B = Vault XP
 C = Vault XP percentage of total XP
 D = Non-vault monster count
 E = Vault monster count
 F = Vault count percentage of total count
                 A         B        C        D         E       F
            +---------+---------+-------+---------+---------+-------
      Total |     156 |       0 |   0.0 |      45 |       0 |   0.0
            +---------+---------+-------+---------+---------+-------
        D:1 |      21 |       0 |   0.0 |      12 |       0 |   0.0
        D:2 |      65 |       0 |   0.0 |      23 |       0 |   0.0
        D:3 |      70 |       0 |   0.0 |      10 |       0 |   0.0
            +---------+---------+-------+---------+---------+-------
